 Dungeon Crawl Stone Soup version 0.18.1-48-g4cf74bf (webtiles) character file.

1303 Galewin the Bolt Thrower (level 8, 0/66 HPs)
             Began as a Centaur Hunter on July 7, 2016.
             Was an Elder of Zin.
             Slain by a giant gecko (2 damage)
             ... on level 6 of the Dungeon.
             The game lasted 00:15:14 (4580 turns).

Galewin the Bolt Thrower (Centaur Hunter)           Turns: 4580, Time: 00:15:15

Health: 0/66       AC:  5    Str: 15    XL:     8   Next: 31%
Magic:  8/8        EV: 10    Int: 10    God:    Zin [****..]
Gold:   90         SH:  0    Dex: 12    Spells: 0 memorised, 7 levels left

rFire  . . .     SeeInvis .     a - +1 hand crossbow
rCold  . . .     Gourm    +     c - +1 leather armour
rNeg   . . .     Faith    .     (no shield)
rPois  .         Spirit   .     (no helmet)
rElec  .         Dismiss  .     (no cloak)
rCorr  .         Reflect  .     (no gloves)
SustAt +         Harm     .     (no barding)
MR     .....                    p - amulet of the gourmand
Stlth  +.........               (no ring)
                                n - ring of sustain attributes

@: very quick, not resistant to hostile enchantments, very unstealthy
A: hooves 3, deformed body, speed 2, tough skin 3
a: Recite, Vitalisation, Imprison, Donate Gold, Renounce Religion


You were on level 6 of the Dungeon.
You worshipped Zin.
Zin was greatly pleased with you.
You were hungry.

You visited 1 branch of the dungeon, and saw 6 of its levels.

You collected 262 gold pieces.
You donated 172 gold pieces to Zin.

Inventory:

Hand Weapons
 a - a +1 hand crossbow (weapon)
 b - a +0 short sword
 j - a +3 short sword of electrocution
Missiles
 d - 26 bolts (quivered)
Armour
 c - a +1 leather armour (worn)
Jewellery
 n - a ring of sustain attributes (left hand)
 p - an amulet of the gourmand (around neck)
Wands
 k - a wand of iceblast (9/15)
Scrolls
 e - 2 scrolls of recharging
 g - a scroll of identify
 l - 2 scrolls of blinking
 m - a scroll of holy word {unknown}
 o - a scroll of magic mapping
 u - 4 scrolls of teleportation
Potions
 h - 2 potions of curing
Comestibles
 f - 3 bread rations
 i - 2 meat rations


   Skills:
 + Level 4.2 Fighting
 * Level 4.6 Short Blades
 * Level 7.1 Crossbows
 + Level 3.1 Dodging
 + Level 3.0 Stealth


You had 7 spell levels left.
You didn't know any spells.

Dungeon Overview and Level Annotations

Branches:
Dungeon (6/15)
 Temple: D:4-7

Altars:
Gozag
Nemelex Xobeh
Okawaru
Zin

Annotations:
D:5 Edmund


Innate Abilities, Weirdness & Mutations

You have hooves in place of feet.
Armour fits poorly on your strangely shaped body.
You cover ground very quickly.
You have extremely tough skin (AC +3).


Message History

You shoot a bolt. The bolt hits Menkaure!
You destroy Menkaure!
Zin accepts your kill. The giant gecko bites you. Zin protects you from harm!
The giant gecko bites you.
* * * LOW HITPOINT WARNING * * *
Firing (i - inventory):
d - 28 bolts (quivered)
Press: ? - help, Shift-Dir - straight line, f - giant gecko
Aim: a giant gecko (clinging)
You shoot a bolt.
The bolt closely misses the giant gecko.
The giant gecko bites you but does no damage.
Firing (i - inventory):
d - 27 bolts (quivered)
Press: ? - help, Shift-Dir - straight line, f/p - giant gecko
Aim: a giant gecko (clinging)
You shoot a bolt.
The bolt closely misses the giant gecko.
The giant gecko bites you.
You die...

.#.##.#
...##.#
#..##.###
#.......#
##.##.#.###
#(##.#...#
.<##.###.#
...##.#
#.#########
..###.#
#.......@l#
#. #)#
#########(.#
.# #.# #(#
(# ( ##


You could see a giant gecko.

Vanquished Creatures
  Sigmund (D:2)
  Menkaure (D:6)
  A sky beast (D:5)
  3 ogres
  A giant frog (D:6)
  A centaur zombie (D:5)
  2 orc priests (D:4)
  Crazy Yiuf (D:2)
  2 hounds
  Jessica (D:2)
  5 orc wizards
  2 worker ants
  A hound skeleton (D:5)
  3 gnolls (D:4)
  7 adders
  A shadow imp (D:5)
  An ooze (D:3)
  4 worms
  A dart slug (D:3)
  4 giant geckos
  25 orcs
  2 ball pythons
  4 bats
  3 giant cockroaches (D:3)
  7 goblins
  9 hobgoblins
  A quokka (D:3)
  6 giant newts
  A jackal zombie (D:4)
  6 kobolds
  6 rats
113 creatures vanquished.

Notes
Turn   | Place    | Note
--------------------------------------------------------------
     0 | D:1      | Galewin the Centaur Hunter began the quest for the Orb.
     0 | D:1      | Reached XP level 1. HP: 17/17 MP: 1/1
   165 | D:1      | Reached XP level 2. HP: 16/24 MP: 2/2
   516 | D:1      | Reached skill level 1 in Stealth
  1081 | D:2      | Noticed Jessica
  1086 | D:2      | Killed Jessica
  1086 | D:2      | Reached skill level 5 in Crossbows
  1086 | D:2      | Reached XP level 3. HP: 30/30 MP: 3/3
  1091 | D:2      | Reached skill level 1 in Short Blades
  1142 | D:2      | Found a faded altar to an unknown god.
  1170 | D:2      | Became a worshipper of Zin the Law-Giver
  1170 | D:2      | Reached * piety under Zin
  1170 | D:2      | Donated 17 gold pieces to Zin
  1183 | D:2      | Reached XP level 4. HP: 28/37 MP: 4/4
  1402 | D:2      | Noticed Sigmund
  1412 | D:2      | Killed Sigmund
  1412 | D:2      | Reached XP level 5. HP: 35/44 MP: 5/5
  1543 | D:2      | Noticed Crazy Yiuf
  1549 | D:2      | Killed Crazy Yiuf
  1671 | D:3      | Reached XP level 6. HP: 34/51 MP: 6/6
  1688 | D:3      | Reached ** piety under Zin
  1783 | D:3      | Donated 37 gold pieces to Zin
  1809 | D:3      | Found an iron altar of Okawaru.
  2529 | D:4      | Reached skill level 6 in Crossbows
  2587 | D:4      | Found a glowing silver altar of Zin.
  2601 | D:4      | Reached XP level 7. HP: 53/57 MP: 7/7
  2615 | D:4      | Reached *** piety under Zin
  3248 | D:4      | Found an opulent altar of Gozag.
  3333 | D:5      | Entered Level 5 of the Dungeon
  3402 | D:5      | Noticed Edmund
  3736 | D:5      | Reached **** piety under Zin
  3976 | D:5      | Reached XP level 8. HP: 59/66 MP: 8/8
  4231 | D:5      | Found a sparkling altar of Nemelex Xobeh.
  4458 | D:5      | Donated 92 gold pieces to Zin
  4549 | D:6      | Reached skill level 7 in Crossbows
  4571 | D:6      | Noticed Menkaure
  4577 | D:6      | HP: 3/66 [Menkaure (10)]
  4578 | D:6      | Killed Menkaure
  4578 | D:6      | Zin protects you from harm!
  4578 | D:6      | HP: 1/66 [giant gecko (2)]
  4580 | D:6      | Slain by a giant gecko

Skill      XL: |  1  2  3  4  5  6  7  8 |
---------------+-------------------------+-----
Stealth        | 1 2 3 |  3.0
Crossbows      | 5 6 7 |  7.1
Short Blades   | 1 2 3 4 |  4.6
Dodging        | 2 3 |  3.1
Fighting       | 3 4 |  4.2

Action                   |  1- 3 |  4- 6 |  7- 9 || total
-------------------------+-------+-------+-------++-------
Melee: Short sword       |       |    14 |    23 ||    37
       Kick              |       |     1 |     6 ||     7
 Fire: Hand crossbow     |    80 |   103 |   142 ||   325
Invok: Donate Gold       |     1 |     1 |     1 ||     3
       Recite            |       |     1 |     1 ||     2
  Use: Scroll            |     2 |     2 |     6 ||    10
       Potion            |     2 |     1 |     4 ||     7
  Eat: Chunk             |       |     3 |       ||     3
       Beef jerky        |       |       |     2 ||     2
       Pizza             |       |       |     1 ||     1
Armor: Leather armour    |    10 |    18 |    29 ||    57
Dodge: Dodged            |    15 |    23 |    38 ||    76
